 Dungeon Crawl Stone Soup version 0.31.0-11-ge490571c62 (webtiles) character file.

Game seed: 8000017726889069391

107 jasper the Apothecary (level 4, -4/30 HPs)
             Began as a Vampire Alchemist on Feb 2, 2024.
             Slain by an ogre
             ... wielding a +0 giant spiked club
              (19 damage)
             ... on level 4 of the Dungeon.
             The game lasted 00:02:59 (1530 turns).

jasper the Apothecary (Vampire Alchemist)           Turns: 1530, Time: 00:02:59

Health: -4/30      AC:  2    Str:  7    XL:     4   Next: 56%
Magic:  0/7        EV: 13    Int: 19    God:
Gold:   61         SH:  0    Dex: 20    Spells: 3/7 levels left

rFire   + . .        d - +0 dagger
rCold   . . .        (no shield)
rNeg    . . .        a - +0 robe
rPois   .            (no helmet)
rElec   .            (no cloak)
rCorr   .            (no gloves)
SInv    +            (no boots)
Will    .....        i - amulet of the acrobat
Stlth   +++          f - +6 ring of dexterity
HPRegen 0.45/turn    l - ring of protection from fire
MPRegen 0.10/turn

%: acrobat
@: brilliant, attractive, very slightly contaminated, healing quickly
A: alive, fangs 3, see invisible, vampiric 2
a: Exsanguinate


You were on level 4 of the Dungeon.
You visited 1 branch of the dungeon, and saw 3 of its levels.

You collected 61 gold pieces.

Inventory:

Hand Weapons
 d - a +0 dagger (weapon)
Armour
 a - a +0 robe (worn)
Jewellery
 f - a +6 ring of dexterity (left hand)
 i - an amulet of the acrobat (around neck)
 l - a ring of protection from fire (right hand)
Scrolls
 c - a scroll of identify
Potions
 e - 3 potions of enlightenment
 g - a potion of might


   Skills:
 - Level 2.1 Dodging
 - Level 3.0 Stealth
 - Level 2.0 Spellcasting
 - Level 0.6 Conjurations
 + Level 5.9 Alchemy


You had 3 spell levels left.
You knew the following spells:

 Your Spells              Type           Power      Damage    Failure   Level
a - Sting                 Conj/Alch      84%        1d8       4%          1
b - Mephitic Cloud        Conj/Alch/Air  15%        N/A       21%         3

Your spell library contained the following spells:

 Spells                   Type           Power      Damage    Failure   Level
 Mercury Vapours          Alch/Air       38%        N/A       8%          2
 Olgreb's Toxic Radiance  Alch           36%        N/A       14%         4
 Sticky Flame             Fire/Alch      19%        2d6       45%         4


Dungeon Overview and Level Annotations

Branches:
Dungeon (2/15)

Altars:
Makhleb


Innate Abilities, Weirdness & Mutations

Your natural rate of healing is accelerated.
You have razor-sharp teeth.
You have supernaturally acute eyesight. (SInv)
You are afflicted with vampirism and can become a bat while bloodless.


Message History

The ogre hits you with a +0 giant spiked club!!
Ouch! That really hurt!
* * * LOW HITPOINT WARNING * * *
Unknown command.
As you read the scroll labelled WATENG REREYTH, it crumbles to dust.
It is a scroll of identify.
g - a potion of might The ogre closely misses you.
It was a potion of curing.
You feel better.
It was a potion of attraction.
You feel attractive to monsters. The ogre closely misses you.
It was a potion of brilliance.
You feel clever all of a sudden.
The hound is engulfed in noxious fumes.
The hound appears confused.
The hound bites the ogre.
The hound is engulfed in noxious fumes.
The hound appears confused.
The angel explains the importance of proper care of body and soul.
The ogre closely misses you. The hound is attracted toward you.
The ogre looks more healthy.
The ogre is attracted toward you. The hound is attracted toward you.
The hound is attracted toward you. The ogre barely misses you.
The hound is attracted toward you.
Casting: Mephitic Cloud (quite dangerous; 21% risk of failure)
Confirm with . or Enter, or press ? or * to list all spells.
You don't have enough magic to cast this spell.
Casting: Mephitic Cloud (quite dangerous; 21% risk of failure)
Confirm with . or Enter, or press ? or * to list all spells.
Aiming: Sting (safe; 4% risk of failure)
Press: ? - help, Shift-Dir - straight line, f/p - ogre
Aim: an ogre, wielding a +0 giant spiked club (heavily wounded, 89% to hit)
You feel a surge of power!
The sting hits the ogre.
The ogre is poisoned.
The ogre is severely wounded.
The hound bites you.
The hound bites itself.
Unknown command.
You hit the ogre.
The ogre is severely wounded.
The ogre hits you with a +0 giant spiked club!!
Ouch! That really hurt!
You die...

....# ### ...# ###2#
... #@##### # ...
###hO_.)##.# #.#
##+#......#...# #)#
##.....'...'...# ##.#
##......#...#..##
##..## ##.....###._.#
##
...#.###.......######
...##.)).......###A#
...#.###........####


You could see an angel, an ogre (poisoned) and a hound (confused).

Vanquished Creatures
  An orc wizard (D:4)
  2 adders (D:4)
  3 dart slugs
  A ribbon worm (D:1)
  3 orcs (D:4)
  5 bats
  3 endoplasms
  2 giant cockroaches
  3 hobgoblins (D:1)
  2 jackals (D:1)
  4 kobolds
  A ball python (D:1)
  2 frilled lizards (D:1)
  A goblin (D:1)
  A rat (D:1)
34 creatures vanquished.

Vanquished Creatures (others)
  An orc wizard (D:4)
1 creature vanquished.

Grand Total: 35 creatures vanquished

Notes
Turn   | Place    | Note
-------+----------+-------------------------------------------
     0 | D:1      | jasper the Vampire Alchemist began the quest for the Orb.
     0 | D:1      | Reached XP level 1. HP: 13/13 MP: 3/3
   266 | D:1      | Reached XP level 2. HP: 19/19 MP: 1/5
   318 | D:1      | Reached skill level 4 in Alchemy
  1002 | D:2      | Gained mutation: You are afflicted with vampirism and can
                  | become a bat while bloodless. [Vampire growth]
  1002 | D:2      | Reached XP level 3. HP: 24/24 MP: 2/6
  1006 | D:2      | Learned a level 3 spell: Mephitic Cloud
  1191 | D:2      | You fall into a shaft and drop 2 floors!
  1251 | D:4      | Reached skill level 5 in Alchemy
  1388 | D:4      | Found a burning altar of Makhleb.
  1411 | D:4      | Reached XP level 4. HP: 25/30 MP: 3/7
  1509 | D:4      | Noticed a blizzard demon
  1513 | D:4      | Noticed an angel
  1517 | D:4      | Noticed an ogre
  1530 | D:4      | Slain by an ogre

Illustrated notes

Levels and vault maps discovered:
D:1:      dpeg_arrival_tiny_f, layout_loops_ring, chequers_garden,
          nicolae_wormholes
D:2:      layout_rooms, serial_shops, nicolae_lakefront_shop
D:4:      layout_loops_corners, grunt_temple_overflow_order_and_chaos_2,
          mainiacjoe_overflow_alcove_3, uniq_grinder, uniq_robin, uniq_menkaure

Skill      XL: |  1  2  3 |
---------------+----------+-----
Alchemy        | 4 5 |  5.9
Dodging        | |  2.1
Stealth        | |  3.0
Spellcasting   | |  2.0
Conjurations   | |  0.6

Action                     |  1- 3 |  4- 6 || total
---------------------------+-------+-------++-------
  Melee: Unarmed           |    11 |       ||    11
         Bite              |     3 |       ||     3
         Dagger            |    18 |     2 ||    20
   Cast: Sting             |    57 |     7 ||    64
         Mephitic Cloud    |     1 |     1 ||     2
    Use: Potion            |     2 |     3 ||     5
         Scroll            |       |     1 ||     1
 Armour: Robe              |    26 |     3 ||    29
  Dodge: Dodged            |    36 |     4 ||    40
